 Dungeon Crawl Stone Soup version 0.20-a0-432-g25cc1b4 (webtiles) character file.

8964 Da5id the Carver (level 11, -6/53 HPs)
             Began as a Vine Stalker Fighter on Jan 2, 2017.
             Was a High Priest of Okawaru.
             Mangled by an orc warrior
             ... wielding a +0 glaive
              (10 damage)
             ... on level 12 of the Dungeon.
             The game lasted 00:17:12 (8972 turns).

Da5id the Carver (Vine Stalker Fighter)             Turns: 8972, Time: 00:17:12

Health: -6/53      AC: 18    Str: 21    XL:     11   Next: 39%
Magic:  0/18       EV: 11    Int:  8    God:    Okawaru [*****.]
Gold:   497        SH:  0    Dex: 15    Spells: 10/10 levels left

rFire  . . .     SeeInvis .     X - +2 double sword (slice)
rCold  . . .     Gourm    .     V - +0 plate armour
rNeg   . . .     Faith    .     (no shield)
rPois  .         Spirit   +     (no helmet)
rElec  .         Reflect  .     c - +0 cloak
rCorr  .         Harm     .     k - +2 pair of gloves
MR     +....                    (no boots)
Stlth  ..........               (no amulet)
                                y - ring of flight
                                p - +1 ring of slaying

@: heroism
A: fangs 3, regeneration 1, magic shield, antimagic bite, no potion heal 3, rot
immunity
a: Heroism, Finesse, Renounce Religion, Evoke Flight


You were on level 12 of the Dungeon.
You worshipped Okawaru.
Okawaru was extremely pleased with you.
You were not hungry.

You visited 2 branches of the dungeon, and saw 12 of its levels.

You collected 497 gold pieces.

Inventory:

Hand Weapons
 a - a +0 long sword
 T - a +0 scimitar of flaming
 U - a +0 great sword
 X - a +2 double sword of slicing (weapon)
Missiles
 b - 6 curare-tipped needles
 B - 52 poisoned needles
 S - 4 needles of confusion
Armour
 c - a +0 cloak (worn)
 k - a +2 pair of gloves (worn)
 V - a +0 plate armour (worn)
Jewellery
 p - a +1 ring of slaying (left hand)
 w - an uncursed ring of wizardry
 y - a ring of flight (right hand)
Wands
 D - a wand of acid (6/15)
 O - a wand of paralysis (10/24)
 Q - a wand of flame (33/48)
 R - a wand of confusion (5/48)
 W - a wand of digging (12/24)
Scrolls
 g - a scroll of blinking {unknown}
 i - 2 scrolls of fear {unknown}
 j - 4 scrolls of immolation {unknown}
 m - 3 scrolls of recharging {unknown}
 n - 8 scrolls of identify {unknown}
 o - 4 scrolls of remove curse {unknown}
 s - 2 scrolls of random uselessness {unknown}
 u - a scroll of fog {unknown}
 v - a scroll of magic mapping {unknown}
 x - 7 scrolls of teleportation {unknown}
 E - a scroll of enchant weapon {unknown}
 L - a scroll of amnesia {unknown}
Potions
 e - 2 potions of haste {unknown}
 h - 3 potions of curing
 q - 3 potions of agility {unknown}
 r - a potion of cancellation {unknown}
 t - 2 potions of mutation {unknown}
 z - a potion of berserk rage {unknown}
 A - 2 potions of heal wounds {unknown}
 C - 2 potions of lignification {unknown}
 F - a potion of cure mutation {unknown}
 G - a potion of invisibility {unknown}
 J - 2 potions of flight {unknown}
 K - a potion of ambrosia {unknown}
Books
 d - the Catalogue of Air and the Blaze
   (You found it on level 5 of the Dungeon)

   Spells                             Type                      Level
   a - Inner Flame                    Hexes/Fire                   3
   b - Summon Lightning Spire         Summoning/Air                4
   c - Bolt of Magma                  Conjuration/Fire/Earth       5
   d - Lightning Bolt                 Conjuration/Air              5
 M - a book of Debilitation

   Spells                             Type                      Level
   a - Corona                         Hexes                        1
   b - Slow                           Hexes                        2
   c - Gell's Gravitas                Hexes/Translocation          3
   d - Inner Flame                    Hexes/Fire                   3
   e - Cause Fear                     Hexes                        4
   f - Leda's Liquefaction            Hexes/Earth                  4
 P - a book of Enchantments

   Spells                             Type                      Level
   a - Cause Fear                     Hexes                        4
   b - Yara's Violent Unravelling     Hexes/Transmutation          5
   c - Silence                        Hexes/Air                    5
   d - Deflect Missiles               Charms/Air                   6
   e - Discord                        Hexes                        8
Comestibles
 f - 8 bread rations
 l - 6 meat rations
 H - 9 slices of pizza
 I - 3 fruits
 N - 3 beef jerkies


   Skills:
 - Level 4.2(9.2) Fighting
 + Level 12.2(17.2) Long Blades
 - Level 3.9(8.9) Armour
 - Level 3.0(8.0) Dodging
   Level 2.6(7.6) Shields
 - Level 9.0 Invocations


You had 10 spell levels left.
You didn't know any spells.

Dungeon Overview and Level Annotations

Branches:
Dungeon (12/15)            Temple (1/1) D:4            Lair (0/6) D:9
    Orc: D:9-12

Altars:
Ashenzari
Cheibriados
Dithmenos
Elyvilon
Fedhas
Gozag
Hepliaklqana
Kikubaaqudgha
Makhleb
Nemelex Xobeh
Okawaru
Qazlal
Ru
Sif Muna
Trog
Uskayaw
Vehumet
Xom
Yredelemnul
Zin
The Shining One

Annotations:
D:3 1 runed door
D:11 Psyche
D:12 exclusion: ice statue


Innate Abilities, Weirdness & Mutations

You have razor-sharp teeth.
Your natural rate of healing is unusually fast.
When hurt, damage is shared between your health and your magic reserves.
Your bite disrupts and absorbs the magic of your enemies.
Potions cannot restore your health.
You are immune to rotting.


Message History

You are too injured to fight recklessly!
You are too injured to fight recklessly!
Psyche gestures wildly while chanting.
The orc priest invokes the aid of Beogh against you.
Pain shoots through your body!
* * * LOW HITPOINT WARNING * * *
The orc hits you but does no damage. The orc warrior barely misses you.
The orc warrior hits you with a glaive.
* * * LOW HITPOINT WARNING * * *
You climb downwards.
Level annotation: exclusion: ice statue
There is a stone staircase leading up here.
You have no ailments to cure.
You barely miss the orc warrior. Your bite misses the orc warrior.
The orc closely misses you.
You hit the orc warrior but do no damage.
Your bite misses the orc warrior.
The orc warrior hits you but does no damage.
The orc warrior hits you with a glaive!
You die...

##############
###########
.............
........... ......†...#
........... #...#
......>.##. #.o.# .#
........##.
#.@.##.##........##.
#oo.##.##........##.
#...##.##........##.
#...##.##........##.
#...##.##........##.
#.##...##.##........##.
#.........##.....>..##.
#..##..##.##........##.
.... #.(##...........##


You could see 2 orc warriors and an orc.

Vanquished Creatures
  Erica (D:9)
  An unseen horror (D:12)
  2 ugly things
  2 manticores (D:12)
  2 cyclopes (D:12)
  A hippogriff (D:8)
  A human (D:7)
  4 hogs (D:7)
  Menkaure (D:5)
  6 orc warriors
  2 sky beasts
  10 ice beasts
  5 ogres
  4 centaurs
  3 big kobolds
  6 bullfrogs
  A wyvern skeleton (D:8)
  A water moccasin skeleton (D:8)
  4 scorpions
  2 howler monkeys
  2 crimson imps
  5 jellies
  5 orc wizards
  4 orc priests
  A bullfrog skeleton (D:8)
  5 hounds
  2 iguanas
  5 worker ants
  2 hound zombies
  A hound skeleton (D:4)
  3 gnolls (D:8)
  4 adders
  2 howler monkey skeletons
  2 shadow imps (D:5)
  4 white imps (D:12)
  3 oozes
  An adder zombie (D:8)
  5 worms
  A dart slug (D:3)
  2 leopard geckos
  29 orcs
  9 bats
  4 giant cockroaches
  9 hobgoblins
  17 jackals
  4 quokkas
  3 frilled lizards
  8 goblins
  A jackal zombie (D:5)
  16 kobolds
  A leopard gecko skeleton (D:8)
  A leopard gecko zombie (D:8)
  A quokka zombie (D:8)
  6 rats
227 creatures vanquished.

Vanquished Creatures (others)
  A human (D:3)
1 creature vanquished.

Grand Total: 228 creatures vanquished

Notes
Turn   | Place    | Note
-------+----------+-------------------------------------------
     0 | D:1      | Da5id the Vine Stalker Fighter began the quest for the Orb.
     0 | D:1      | Reached XP level 1. HP: 11/11 MP: 2/2
    62 | D:1      | Reached skill level 2 in Long Blades
   216 | D:1      | Reached XP level 2. HP: 16/16 MP: 3/3
   990 | D:1      | Reached skill level 3 in Long Blades
  1041 | D:2      | Reached XP level 3. HP: 13/19 MP: 4/4
  2255 | D:3      | Gained mutation: Your natural rate of healing is unusually fast. [Vine Stalker growth]
  2255 | D:3      | Reached XP level 4. HP: 23/23 MP: 5/5
  2331 | D:3      | Reached skill level 4 in Long Blades
  2361 | D:3      | You fall through a shaft!
  2607 | D:3      | Found a faded altar of an unknown god.
  2741 | D:3      | Found a deep blue altar of Sif Muna.
  2834 | D:3      | Found an ancient bone altar of Kikubaaqudgha.
  2835 | D:3      | Noticed a human
  2839 | D:3      | Killed a human
  2882 | D:3      | Found a runed door.
  3123 | D:4      | Reached XP level 5. HP: 27/27 MP: 6/6
  3134 | D:4      | Found a staircase to the Ecumenical Temple.
  3148 | Temple   | Entered the Ecumenical Temple
  3187 | Temple   | Became a worshipper of Warmaster Okawaru
  3246 | D:4      | Found a radiant altar of Vehumet.
  3246 | D:4      | Found a hazy altar of Hepliaklqana.
  3251 | D:4      | Found a bloodstained altar of Trog.
  3253 | D:4      | Found a sacrificial altar of Ru.
  3255 | D:4      | Found a shimmering altar of Xom.
  3308 | D:4      | Found an opulent altar of Gozag.
  3517 | D:4      | Reached skill level 5 in Long Blades
  3746 | D:5      | Entered Level 5 of the Dungeon
  3746 | D:5      | Noticed an ice beast
  3755 | D:5      | Killed an ice beast
  3755 | D:5      | Reached skill level 6 in Long Blades
  3755 | D:5      | Reached XP level 6. HP: 26/32 MP: 7/7
  3801 | D:5      | Identified the Catalogue of Air and the Blaze
  3944 | D:5      | Reached * piety under Okawaru
  3944 | D:5      | Reached XP level 7. HP: 35/35 MP: 8/8
  4002 | D:5      | Found a white marble altar of Elyvilon.
  4042 | D:5      | Noticed Menkaure
  4061 | D:5      | Killed Menkaure
  4143 | D:5      | Gained mutation: You have razor-sharp teeth. [Vine Stalker growth]
  4143 | D:5      | Reached XP level 8. HP: 23/39 MP: 9/12
  4244 | D:5      | Reached skill level 5 in Invocations
  4495 | D:5      | Reached ** piety under Okawaru
  5270 | D:7      | Reached XP level 9. HP: 43/43 MP: 16/16
  5318 | D:7      | Reached *** piety under Okawaru
  5542 | D:7      | Found a sparkling altar of Nemelex Xobeh.
  5679 | D:7      | Reached skill level 7 in Long Blades
  5679 | D:7      | Reached skill level 1 in Dodging
  6279 | D:8      | Reached **** piety under Okawaru
  6776 | D:8      | Reached XP level 10. HP: 31/50 MP: 11/17
  6951 | D:8      | Reached skill level 8 in Long Blades
  7388 | D:9      | Found a staircase to the Lair.
  7545 | D:9      | Noticed Erica
  7550 | D:9      | Killed Erica
  7550 | D:9      | Reached ***** piety under Okawaru
  7550 | D:9      | Reached skill level 9 in Long Blades
  7573 | D:9      | You fall through a shaft for 3 floors!
  7656 | D:12     | Noticed a cyclops
  7666 | D:12     | Killed a cyclops
  7942 | D:12     | Reached skill level 10 in Long Blades
  7991 | D:12     | Noticed a green ugly thing
  7993 | D:12     | Noticed a manticore
  7998 | D:12     | Killed a green ugly thing
  8010 | D:12     | Killed a manticore
  8016 | D:12     | Reached skill level 11 in Long Blades
  8149 | D:12     | Noticed an ice statue
  8255 | D:12     | Noticed a cyclops
  8266 | D:12     | Killed a cyclops
  8266 | D:12     | Received a gift from Okawaru
  8266 | D:12     | Reached XP level 11. HP: 42/53 MP: 18/18
  8287 | D:12     | Noticed a manticore
  8300 | D:12     | Killed a manticore
  8678 | D:11     | Noticed a cyan ugly thing
  8688 | D:11     | Killed a cyan ugly thing
  8711 | D:11     | Noticed Psyche
  8769 | D:11     | Reached skill level 12 in Long Blades
  8814 | D:12     | Killed an unseen horror
  8814 | D:12     | Received a gift from Okawaru
  8969 | D:11     | HP: 2/53 [orc warrior/glaive (1)]
  8972 | D:12     | Mangled by an orc warrior

Vault maps used:
D:1:      minmay_arrival_hallway
D:3:      led_sif_pool, chequers_ecumenical_altar_simple, tgw_kikubaaqudgha,
          uniq_crazy_yiuf_cottage
D:4:      chequers_temple_overflow_minitemple, nicolae_gozag_seed_capital
D:5:      elyvilon_altar_5, first_bread, kennysheep_boxes, uniq_menkaure
D:7:      grunt_livestock, grunt_decor_arrowhead,
          nemelex_xobeh_ov_fountains_minmay
D:8:      minmay_door_square
D:9:      lair_entry_dummy, uniq_erica
D:11:     david_orc_4, minmay_crystal_room, hangedman_ru_absence, uniq_psyche
D:12:     minmay_liquid_box, ice2_lemuel
Temple:   nicolae_temple_god_jail

Skill      XL: |  1  2  3  4  5  6  7  8  9 10 11 |
---------------+----------------------------------+-----
Long Blades    | 2 3 4 6 7 11 12 | 12.2
Invocations    | 4 8 9 |  9.0
Fighting       | 4 |  4.2
Dodging        | 2 3 |  3.0
Armour         | 3 |  3.9
Shields        | |  2.6

Action                   |  1- 3 |  4- 6 |  7- 9 | 10-12 || total
-------------------------+-------+-------+-------+-------++-------
Melee: Long sword        |    98 |   100 |   304 |    18 ||   520
       Bite              |    23 |    43 |   117 |    94 ||   277
       Great sword       |       |       |       |    50 ||    50
       Scimitar          |       |       |       |   127 ||   127
       Punch             |       |       |       |     4 ||     4
       Double sword      |       |       |       |     3 ||     3
Invok: Heroism           |       |       |     6 |    10 ||    16
  Use: Potion            |       |     1 |       |     1 ||     2
  Eat: Chunk             |     4 |     4 |     9 |     7 ||    24
       Royal jelly       |       |     1 |       |       ||     1
Armor: Scale mail        |    50 |    38 |   127 |     6 ||   221
       Plate armour      |       |       |       |   120 ||   120
       Chain mail        |       |       |       |    14 ||    14
Dodge: Dodged            |    26 |    27 |   105 |    77 ||   235
Block: Shield            |    49 |    43 |   156 |    13 ||   261
       Rpst.: Long sword |     4 |    16 |    22 |       ||    42
       Great sword       |       |       |       |     7 ||     7
       Scimitar          |       |       |       |    11 ||    11
